 Dungeon Crawl Stone Soup version 0.26.0-16-gc1dbca0489 (webtiles) character file.

Game seed: 18435338706475039027

1604 112233 the Tainter (level 8, -5/48 HPs)
             Began as an Octopode Venom Mage on Jan 20, 2021.
             Slain by an ice beast (6 damage)
             ... on level 5 of the Dungeon.
             The game lasted 00:09:12 (10822 turns).

112233 the Tainter (Octopode Venom Mage)           Turns: 10822, Time: 00:09:13

Health: -5/48      AC:  1    Str:  8    XL:     8   Next: 94%
Magic:  15/15      EV: 14    Int: 19    God:
Gold:   408        SH:  5    Dex: 12    Spells: 7/17 levels left

rFire    . . .     SeeInvis .   r - +2 flail (vorpal)
rCold    . . .     Faith    .   (no shield)
rNeg     . . .     Spirit   .   (helmet restricted)
rPois    .         Reflect  +   e - amulet of reflection
rElec    .         Harm     .   (no ring)
rCorr    .         Rampage  .   (no ring)
Will     .....                  (no ring)
Stlth    +++.......             (no ring)
HPRegen  0.16/turn              (no ring)
MPRegen  0.14/turn              (no ring)
                                (no ring)
                                (no ring)

@: no status effects
A: almost no armour, stealthy swim, amphibious, 8 rings, constrict 8, camouflage
1, gelatinous body 1
a: no special abilities


You were on level 5 of the Dungeon.
You visited 1 branch of the dungeon, and saw 7 of its levels.
You also visited: Sewer and Ossuary.

You collected 408 gold pieces.

Inventory:

Hand Weapons
 c - a +0 short sword
 r - a +2 vorpal flail (weapon)
 v - a +2 whip of freezing
 C - the +6 quarterstaff of Diet Blood {drain, +Rage rN+ Str+4, unknown}
   (You found it on level 5 of the Dungeon)

   A truly terrible weapon, it drains the life of those it strikes.
   It affects your strength (+4).
   It protects you from negative energy.
   It lets you go berserk.
Missiles
 g - 4 javelins
 l - 43 poisoned darts
Armour
 h - a +0 tower shield
Jewellery
 e - an amulet of reflection (around mantle)
Wands
 y - a wand of paralysis (8)
Scrolls
 a - 12 scrolls of identify {unknown}
 b - 4 scrolls of blinking {unknown}
 d - 7 scrolls of fog {unknown}
 f - 2 scrolls of amnesia {unknown}
 k - 7 scrolls of remove curse {unknown}
 n - 2 scrolls of immolation {unknown}
 q - a scroll of random uselessness {unknown}
 u - 2 scrolls of magic mapping {unknown}
 w - 2 scrolls of enchant weapon {unknown}
 x - 7 scrolls of teleportation {unknown}
 B - a scroll of acquirement {unknown}
Potions
 i - 3 potions of flight {unknown}
 j - 12 potions of curing {@q1}
 m - 2 potions of might {unknown}
 o - 3 potions of mutation {unknown}
 p - a potion of cancellation {unknown}
 s - a potion of lignification {unknown}
 t - 5 potions of heal wounds {unknown}
 z - a potion of degeneration {unknown}
 A - 2 potions of berserk rage {unknown}


   Skills:
 + Level 1.4 Fighting
 - Level 0.9 Short Blades
 + Level 2.3 Maces & Flails
 + Level 3.0 Dodging
 - Level 2.6 Stealth
 + Level 0.6 Shields
 + Level 5.2 Spellcasting
 - Level 1.0 Transmutations
 + Level 0.3 Fire Magic
 + Level 4.0 Air Magic
 * Level 9.5 Poison Magic


You had 7 spell levels left.
You knew the following spells:

 Your Spells              Type           Power        Failure   Level
a - Sting                 Tmut/Pois      96%          1%          1
b - Poisonous Vapours     Pois/Air       60%          1%          2
c - Ignite Poison         Fire/Tmut/Pois 18%          9%          3
d - Olgreb's Toxic Radia  Pois           41%          2%          4

Your spell library contained the following spells:

 Spells                   Type           Power        Failure   Level
 Mephitic Cloud           Conj/Pois/Air  22%          6%          3


Dungeon Overview and Level Annotations

Branches:
Dungeon (7/15)              Sewer (visited)         Ossuary (visited)
 Temple: D:4-7

Altars:
Cheibriados
Fedhas
Okawaru
Sif Muna
Vehumet
Wu Jian
Yredelemnul

Annotations:
D:5 4 runed translucent doors, exclusion: downstairs


Innate Abilities, Weirdness & Mutations

You cannot wear most types of armour.
You are very stealthy in the water. (Stealth+)
You are amphibious.
You can wear up to eight rings at the same time.
You can use your tentacles to constrict eight enemies at once.
Your skin changes colour to match your surroundings (Stealth+).
Your rubbery body absorbs attacks. (AC +1, EV +1)


Message History

You are too injured to fight recklessly!
Unknown command.
You hit the ice beast. Your squeeze misses the ice beast.
The ice beast closely misses you.
You barely miss the ice beast. Your squeeze misses the ice beast.
The ice beast hits you. The ice beast freezes you. The ice beast hits you.
The ice beast freezes you.
* * * LOW HITPOINT WARNING * * *
Unknown command.
You closely miss the ice beast. The ice beast closely misses you.
You hit the ice beast. You block the ice beast's attack.
You barely miss the ice beast. Your squeeze misses the ice beast.
The ice beast hits you.
* * * LOW HITPOINT WARNING * * *
The ice beast freezes you.
* * * LOW HITPOINT WARNING * * *
The ice beast hits you.
* * * LOW HITPOINT WARNING * * *
The ice beast freezes you.
You die...

...##++##.+ #....#
..##8..8# #....#
..#8....8# ##..###
#.#5....|# #...#
#.#)..h.$# ## ##...#
#.#8....8# #). )##..######
#.##8..8#####.##.#.......#
#..##++##.'.##.#Y#.#####.#
##........##.#..@#.# #.#
#######.#.####.#.# #.#
#..##....##.# #.#
#...######..#####.#
#.#...............#
#..........########
############


You could see an ice beast.

Vanquished Creatures
  Pikel (D:4)
  Sigmund (D:2)
  2 lemures (D:4)
  A big kobold (Sewer)
  2 bullfrogs
  A scorpion (D:5)
  A troll zombie (Ossuary)
  2 centaur zombies (Ossuary)
  An orc priest (D:3)
  A gnoll shaman (D:5)
  Natasha (thrice) (D:2)
  A worker ant (D:5)
  2 ogre zombies (Ossuary)
  A hound zombie (D:5)
  5 mummies (Ossuary)
  8 gnolls
  12 adders
  2 river rats (Sewer)
  A shadow imp (D:4)
  An ufetubus (D:5)
  2 oozes
  4 adder skeletons (D:3)
  A leopard gecko (D:7)
  17 orcs
  2 ball pythons (Sewer)
  8 giant cockroaches
  5 hobgoblins
  2 jackals (D:3)
  23 kobolds
  4 bats
  5 frilled lizards
  3 goblins
  A kobold zombie (Ossuary)
  3 leopard gecko skeletons
  2 orc zombies (Ossuary)
  A quokka skeleton (D:3)
  2 quokka zombies
  31 rats
165 creatures vanquished.

Notes
Turn   | Place    | Note
-------+----------+-------------------------------------------
     0 | D:1      | 112233 the Octopode Venom Mage began the quest for the Orb.
     0 | D:1      | Reached XP level 1. HP: 11/11 MP: 3/3
     2 | D:1      | Noticed a minotaur
     2 | D:1      | Noticed a vine stalker
     4 | D:1      | Noticed a demonspawn
     4 | D:1      | Noticed a troll
     6 | D:1      | Noticed a formicid
     8 | D:1      | Noticed a vampire
    10 | D:1      | Noticed a human
    12 | D:1      | Noticed a tengu
    14 | D:1      | Noticed a naga
    14 | D:1      | Noticed a centaur
    16 | D:1      | Noticed an elf
    16 | D:1      | Noticed an ogre
    18 | D:1      | Noticed an octopode
    18 | D:1      | Noticed a draconian
    20 | D:1      | Noticed a merfolk
    20 | D:1      | Noticed a gargoyle
    22 | D:1      | Noticed a felid
    22 | D:1      | Noticed a dwarf
    24 | D:1      | Noticed a ghoul
    24 | D:1      | Noticed a halfling
    26 | D:1      | Noticed a spriggan
    26 | D:1      | Noticed a demigod
   605 | D:1      | Reached skill level 4 in Poison Magic
   686 | D:1      | Reached XP level 2. HP: 17/17 MP: 0/5
   842 | D:1      | Learned a level 2 spell: Poisonous Vapours
  1594 | D:2      | Reached XP level 3. HP: 21/21 MP: 6/6
  1758 | D:2      | Found a shimmering blue altar of Sif Muna.
  2050 | D:2      | Noticed Sigmund
  2269 | D:3      | Reached XP level 4. HP: 27/27 MP: 6/8
  2322 | D:3      | Found a glowing drain.
  2334 | D:3      | Noticed a bullfrog
  2338 | Sewer    | Entered a sewer
  2351 | Sewer    | Learned a level 3 spell: Ignite Poison
  2585 | Sewer    | Noticed a big kobold
  2676 | Sewer    | Killed a big kobold
  2677 | Sewer    | Reached skill level 5 in Poison Magic
  2677 | Sewer    | Reached XP level 5. HP: 22/31 MP: 0/9
  2900 | Sewer    | Reached skill level 1 in Air Magic
  3256 | Sewer    | Learned a level 4 spell: Olgreb's Toxic Radiance
  4101 | Sewer    | Reached skill level 6 in Poison Magic
  4101 | Sewer    | Reached XP level 6. HP: 36/36 MP: 2/11
  4977 | D:3      | Found a snail-covered altar of Cheibriados.
  5315 | D:3      | Found a blossoming altar of Fedhas.
  6100 | D:2      | Killed Sigmund
  6101 | D:2      | Reached skill level 7 in Poison Magic
  6101 | D:2      | Reached XP level 7. HP: 41/41 MP: 5/13
  6750 | D:2      | Noticed Natasha
  6754 | D:2      | Killed Natasha
  6814 | D:2      | Found an ornate altar of the Wu Jian Council.
  6829 | D:2      | Noticed Natasha
  6837 | D:2      | Killed Natasha
  6934 | D:2      | Found a radiant altar of Vehumet.
  6944 | D:2      | Found a basalt altar of Yredelemnul.
  7002 | D:2      | Noticed Natasha
  7007 | D:2      | Killed Natasha
  7330 | D:4      | Noticed Pikel
  7333 | D:4      | Killed Pikel
  7334 | D:4      | Reached skill level 8 in Poison Magic
  7334 | D:4      | Reached XP level 8. HP: 46/46 MP: 2/15
  7568 | D:4      | Found an iron altar of Okawaru.
  7739 | D:4      | Reached skill level 9 in Poison Magic
  8015 | D:5      | Entered Level 5 of the Dungeon
  8212 | D:5      | Reached skill level 5 in Spellcasting
  8378 | D:5      | Found a large runed translucent door.
  8379 | D:5      | Found a large runed translucent door.
  8381 | D:5      | Found a large runed translucent door.
  8381 | D:5      | Found a large runed translucent door.
  8421 | D:7      | Found a sand-covered staircase.
  8430 | Ossuary  | Entered an ossuary
  9167 | Ossuary  | Reached skill level 1 in Fighting
  9274 | Ossuary  | Reached skill level 1 in Maces & Flails
 10572 | D:5      | Got a warped quarterstaff
 10822 | D:5      | HP: 1/48 [ice beast (3)]
 10822 | D:5      | Slain by an ice beast

Illustrated notes

Levels and vault maps discovered:
D:1:      kb_arrival_jail, layout_basic
D:2:      layout_basic, led_sif_pool, lemuel_coloured_pillars_altar,
          nicolae_overflow_crystal_walls, overflow_temple_1_default,
          uniq_natasha, uniq_sigmund
D:3:      layout_loops_cross, cheibriados_altar_1, general_overflow_altar,
          serial_undead, serial_undead_a, serial_undead_d, serial_undead_f,
          serial_undead_d, cheibrodos_sewer_entry_drain
D:4:      layout_cave_pools, lemuel_crystal_altar, columned_hall_lemuel,
          uniq_pikel
D:5:      layout_basic, minmay_hollow_rounded_squares
D:6:      layout_rooms, zin_angel, temple_statues
D:7:      layout_loops_ring, nicolae_ossuary_entry_monument,
          minmay_joined_circles, uniq_crazy_yiuf_cottage, uniq_joseph,
          uniq_menkaure

Skill      XL: |  1  2  3  4  5  6  7  8 |
---------------+-------------------------+-----
Poison Magic   | 4 5 6 7 8 9 |  9.5
Spellcasting   | 3 4 5 |  5.2
Air Magic      | 1 2 3 4 |  4.0
Fighting       | 1 |  1.4
Maces & Flails | 2 |  2.3
Dodging        | 3 |  3.0
Short Blades   | |  0.9
Stealth        | |  2.6
Shields        | |  0.6
Transmutations | |  1.0
Fire Magic     | |  0.3

Action                   |  1- 3 |  4- 6 |  7- 9 || total
-------------------------+-------+-------+-------++-------
Melee: Unarmed           |     2 |       |       ||     2
       Short sword       |     6 |    41 |     1 ||    48
       Constrict         |     3 |    12 |    16 ||    31
       Tentacles         |     1 |     4 |    15 ||    20
       Flail             |       |       |    76 ||    76
       Whip              |       |       |    17 ||    17
 Cast: Sting             |    16 |    30 |     7 ||    53
       Poisonous Vapours |    28 |    86 |    57 ||   171
       Ignite Poison     |       |     1 |     1 ||     2
       Olgreb's Toxic Ra |       |       |     2 ||     2
  Use: Potion            |       |     3 |       ||     3
 Stab: Sleeping          |     2 |     2 |     4 ||     8
Armor: Skin              |     1 |     6 |     2 ||     9
Dodge: Dodged            |     4 |    47 |    47 ||    98
Block: Other             |     1 |    15 |    21 ||    37
       Reflection        |       |     2 |     1 ||     3
